 Seeded DCSS version 0.29.1-15-g9cfb28693d (webtiles) character file.

Game seed: 5297477676520237703 (custom seed)

78690 GigaChad the Severer (level 15, -9/144 HPs)
             Began as a Minotaur Fighter on Mar 10, 2023.
             Was the Champion of the Shining One.
             Killed from afar by a frost giant (14 damage)
             ... with a bolt of cold
             ... on level 13 of the Dungeon.
             The game lasted 00:44:56 (24070 turns).

GigaChad the Severer (Minotaur Fighter)            Turns: 24070, Time: 00:44:56

Health: -9/144     AC: 21    Str: 58    XL:     15   Next: 18%
Magic:  0/14       EV: 14    Int:  8    God:    the Shining One [******]
Gold:   498        SH:  7    Dex: 13    Spells: 14/14 levels left

rFire   + . .      SeeInvis +   I - +4 war axe "Zuptet" {speed, rElec Str+8}
rCold   . . .      Faith    .   c - +0 buckler
rNeg    + + +      Spirit   +   g - +3 plate armour
rPois   .          Reflect  .   x - +0 hat of Submission {*Slow rN+ Str+8 Dex+6}
rElec   +          Harm     .   n - +0 cloak
rCorr   .          Rampage  .   (no gloves)
Will    .....                   (no boots)
Stlth   ..........              w - amulet of Otrycw {Spirit Str+4 Int+3 Dex-5}
HPRegen 0.34/turn               l - +6 ring of strength
MPRegen 0.14/turn               z - ring "Ruih" {rF+ Str+6 SInv}

@: weak-willed, slowed, glowing, very slow
A: horns 2, retaliatory headbutt
a: Renounce Religion, Divine Shield, Cleansing Flame, Summon Divine Warrior,
Brand Weapon With Holy Wrath


You were on level 13 of the Dungeon.
You worshipped the Shining One.
The Shining One was exalted by your worship.
You visited 5 branches of the dungeon, and saw 22 of its levels.

You collected 1552 gold pieces.
You spent 1054 gold pieces at shops.

Inventory:

Hand Weapons
 a - a +0 war axe of protection
 B - a +0 battleaxe
 I - the +4 war axe "Zuptet" (weapon) {speed, rElec Str+8}
   (You bought it in a shop on level 12 of the Dungeon)

   Attacks with this weapon are significantly faster.
   Str:       It affects your strength (+8).
   rElec:     It insulates you from electricity.
Missiles
 v - 35 poisoned darts (quivered)
 O - 3 silver boomerangs
 V - 6 silver javelins
Armour
 c - a +0 buckler (worn)
 g - a +3 plate armour (worn)
 n - a +0 cloak (worn)
 x - the +0 hat of Submission (worn) {*Slow rN+ Str+8 Dex+6}
   (You acquired it on level 4 of the Dungeon)

   Str:       It affects your strength (+8).
   Dex:       It affects your dexterity (+6).
   rN:        It protects you from negative energy.
   *Slow:     It may slow you when you take damage.
 L - the +3 chain mail "Doimunes" {rPois rF- rC+++ Slay+2}
   (You found it on level 9 of the Dungeon)

   Slay:      It affects your accuracy & damage with ranged weapons and melee
   (+2).
   rF:        It makes you vulnerable to fire.
   rC:        It renders you almost immune to cold.
   rPois:     It protects you from poison.
Jewellery
 e - a ring of protection from cold
 j - an amulet of magic regeneration
 l - a +6 ring of strength (left hand)
 o - a ring of flight
 w - the amulet of Otrycw (around neck) {Spirit Str+4 Int+3 Dex-5}
   (You acquired it on level 4 of the Dungeon)

   [amulet of guardian spirit]

   It causes incoming damage to be divided between your reserves of health and
   magic.
   Str:       It affects your strength (+4).
   Int:       It affects your intelligence (+3).
   Dex:       It affects your dexterity (-5).
 y - a +6 ring of dexterity
 z - the ring "Ruih" (right hand) {rF+ Str+6 SInv}
   (You found it on level 5 of the Dungeon)

   [ring of strength]

   Str:       It affects your strength (+6).
   rF:        It protects you from fire.
   SInv:      It lets you see invisible.
 D - an amulet of guardian spirit
 H - a +4 ring of evasion
 T - a ring of poison resistance
 W - a +4 ring of protection
 Z - a +6 ring of strength
Wands
 h - a wand of digging (13)
 t - a wand of charming (15)
 K - a wand of iceblast (13)
 S - a wand of mindburst (22)
 U - a wand of flame (6)
Scrolls
 b - 2 scrolls of blinking
 f - 6 scrolls of immolation
 q - 5 scrolls of amnesia
 s - 2 scrolls of teleportation
 A - a scroll of summoning
 F - 2 scrolls of poison
 M - 2 scrolls of identify
 N - a scroll of magic mapping
 P - 2 scrolls of fog
 Y - a scroll of brand weapon
Potions
 d - 3 potions of might
 i - 3 potions of resistance
 k - 4 potions of magic
 m - 6 potions of brilliance
 p - 2 potions of attraction {unknown}
 r - 6 potions of flight
 u - 6 potions of ambrosia
 C - a potion of lignification {unknown}
 E - 3 potions of heal wounds
 G - 9 potions of curing
 J - 3 potions of mutation {unknown}
 Q - 3 potions of berserk rage {unknown}
 R - 2 potions of haste {unknown}
 X - a potion of cancellation {unknown}


   Skills:
 * Level 16.2 Fighting
 + Level 16.8 Axes
 * Level 15.9 Armour
 * Level 11.1 Dodging
 * Level 13.1 Shields


You had 14 spell levels left.
You didn't know any spells.
Your spell library contained the following spells:

 Spells                   Type           Power      Damage    Failure   Level
 Apportation              Tloc           0%         N/A       77%         1
 Magic Dart               Conj           0%         1d3       77%         1
 Necrotise                Necr           0%         1d4       77%         1
 Sandblast                Erth           0%         2d4       77%         1
 Summon Small Mammal      Summ           0%         N/A       77%         1
 Call Imp                 Summ           0%         N/A       88%         2
 Ensorcelled Hibernation  Hex/Ice        0%         N/A       88%         2
 Passwall                 Tmut/Erth      0%         N/A       88%         2
 Mephitic Cloud           Conj/Pois/Air  0%         N/A       98%         3
 Stone Arrow              Conj/Erth      0%         3d7       98%         3
 Swiftness                Air            0%         N/A       98%         3
 Airstrike                Air            0%         2d(0-16)  100%        4
 Summon Lightning Spire   Summ/Air       0%         N/A       100%        4
 Blade Hands              Tmut           0%         N/A       100%        5
 Fireball                 Conj/Fire      0%         3d3       100%        5
 Irradiate                Conj/Tmut      0%         3d11      100%        5
 Lightning Bolt           Conj/Air       0%         1d11      100%        5
 Starburst                Conj/Fire      0%         6d3       100%        6
 Dragon Form              Tmut           0%         N/A       100%        7
 Ignition                 Fire           0%         3d3       100%        8


Dungeon Overview and Level Annotations

Branches:
Dungeon (13/15)            Temple (1/1) D:5            Lair (5/5) D:10
  Swamp (0/4) Lair:3       Spider (1/4) Lair:3        Slime (0/5) Lair:5
    Orc (2/2) D:10
    Elf: Orc:2       Vaults: D:13-14

Altars:
Ashenzari
Cheibriados
Dithmenos
Fedhas
Kikubaaqudgha
Makhleb
Nemelex Xobeh
Qazlal
Sif Muna
Vehumet
Xom
Yredelemnul
Zin
The Shining One
Jiyva
Lugonu

Shops:
D:6 :   D:8 !   D:12 (

Portals:
Abyss: D:3

Annotations:
D:3 2 transporters, Sanktem7's ghost, amateur MiFi
D:7 3 runed translucent doors, Renzlar's ghost, novice GnFi; Smoke131's ghost, novice TrGl; nshep25's ghost, novice DECj
Spider:1 2 transporters, RapScallion's ghost, journeyman HuFi


Innate Abilities, Weirdness & Mutations

You have a pair of horns on your head.
You reflexively headbutt those who attack you in melee.


Message History

The phantasmal warrior gestures at you.
The phantasmal warrior blinks!
The sphinx casts a spell.
You struggle to resist.
A manticore comes into view.
You slice the sphinx!!
The sphinx is moderately wounded.
The sphinx casts a spell.
Something smites you!
You slice the sphinx like a ripe choko!!!
You headbutt the sphinx!
The sphinx is almost dead.
You hit the phantasmal warrior. The sphinx closely misses you.
You block the sphinx's attack. The sphinx hits you but does no damage.
The phantasmal warrior hits you!!
You slash the sphinx! You headbutt the sphinx!
You kill the sphinx!
You completely miss the phantasmal warrior.
You block the phantasmal warrior's attack.
The manticore flicks its tail.
The volley of spikes misses you.
The frost giant hits you with a +0 battleaxe of freezing!!
The frost giant freezes you!
The phantasmal warrior barely misses you.
The manticore flicks its tail.
The volley of spikes hits you but does no damage.
The frost giant hits you with a +0 battleaxe of freezing!!
The frost giant freezes you!
* * * LOW HITPOINT WARNING * * *
You hear a shout!
You see here a sphinx corpse.
You hit the frost giant but do no damage.
You hit the phantasmal warrior. The phantasmal warrior hits you!
* * * LOW HITPOINT WARNING * * *
Your willpower is stripped away!
The frost giant casts a spell at you. The bolt of cold hits you!!
* * * LOW HITPOINT WARNING * * *
The bolt of cold hits you!
You die...

## ..#######
#####........##
.............#
...####.....## #
ยง....##.....# ## .
###H....#..##.####. #..
#.@C##..#..........
#...#W[..#..#........##
#......)......#..###...
..#..#..).#...#..# ###.
. #..##...#...#.## ## ..
#.....###...#.#
...##.........##.#######
....####......#.........
............###..#######


You could see a frost giant, a manticore and a phantasmal warrior.

Vanquished Creatures
  Rupert (D:12)
  Gastronok (Lair:3)
  A sphinx (D:13)
  Kirke (Lair:3)
  A ghost moth (Spider:1)
  Fannar (D:10)
  2 ogre magi
  A boulder beetle (Spider:1)
  7 hydras
  A catoblepas (Lair:3)
  4 two-headed ogres
  A centaur warrior (D:8)
  10 death yaks
  A thrashing horror (Lair:5)
  A deep elf knight (D:13)
  An orc knight (D:13)
  5 wolf spiders (Spider:1)
  2 deep elf pyromancers (D:13)
  An ugly thing (D:12)
  An orc sorcerer (Orc:1)
  3 cyclopes
  A manticore (D:13)
  5 elephants (Lair:5)
  3 black mambas
  Maurice (D:8)
  9 cane toads
  2 smoke demons (Lair:5)
  3 torpor snails (Lair:5)
  2 demonic crawlers (Spider:1)
  3 kobold demonologists (D:10)
  3 rime drakes
  2 large abominations (Lair:5)
  Psyche (D:12)
  3 gargoyles
  2 unseen horrors
  10 komodo dragons
  An efreet (D:13)
  6 meliai (D:13)
  An ancient zyme (Lair:5)
  5 trolls
  2 tyrant leeches (Lair:3)
  A queen bee (D:13)
  2 hornets
  13 tarantellas
  4 slime creatures (D:12)
  27 blink frogs
  5 culicivoras (Spider:1)
  2 jumping spiders (Spider:1)
  Sigmund (D:5)
  A spriggan (Lair:5)
  7 wyverns
  48 yaks
  2 ynoxinuls (Lair:5)
  3 wraiths
  A shadow (D:10)
  Eustachio (D:6)
  4 basilisks
  4 hogs (Lair:3)
  8 redbacks (Spider:1)
  2 chaos spawn (Lair:5)
  A steam dragon (D:6)
  7 vampire mosquitoes
  A warg (Orc:1)
  3 acid dragons
  9 water moccasins
  Duvessa (D:5)
  8 orc warriors
  12 ogres
  A black bear (Lair:2)
  28 wolves
  A boggart (D:13)
  9 centaurs
  4 phantoms
  7 kobold brigands
  4 scorpions
  11 bullfrogs
  A necrophage (D:7)
  9 small abominations (Lair:5)
  14 wights
  Dowan (D:5)
  20 killer bees (D:13)
  2 electric eels (D:11)
  10 orc priests
  4 hounds
  A jelly (D:6)
  3 iguanas
  Ijyb (D:3)
  14 orc wizards
  9 adders
  A white imp (D:7)
  2 ufetubi
  A worm (D:4)
  A dart slug (D:5)
  31 orcs
  5 endoplasms
  5 giant cockroaches
  8 goblins
  8 hobgoblins
  3 jackals (D:4)
  2 quokkas
  4 ball pythons
  3 bats
  A frilled lizard (D:2)
  16 kobolds
  2 rats
537 creatures vanquished.

Vanquished Creatures (others)
  22 fungi
  21 plants
  3 withered plants (D:7)
46 creatures vanquished.

Grand Total: 583 creatures vanquished

Notes
Turn   | Place    | Note
-------+----------+-------------------------------------------
     0 | D:1      | GigaChad the Minotaur Fighter began the quest for the Orb.
     0 | D:1      | Reached XP level 1. HP: 19/19 MP: 0/0
   547 | D:1      | Reached XP level 2. HP: 14/27 MP: 1/1
  1424 | D:2      | Reached XP level 3. HP: 33/33 MP: 2/2
  1695 | D:3      | Found a glowing golden altar of the Shining One.
  1738 | D:3      | Became a worshipper of the Shining One
  2047 | D:3      | Noticed a kobold brigand
  2176 | D:3      | Found a transporter.
  2183 | D:3      | Found a transporter.
  2199 | D:3      | Found a one-way gate to the infinite horrors of the Abyss.
  2199 | D:3      | Noticed Sanktem7's ghost (amateur MiFi)
  2282 | D:3      | Reached XP level 4. HP: 38/40 MP: 3/3
  2347 | D:3      | Noticed Ijyb
  2351 | D:3      | Killed Ijyb
  2771 | D:4      | Noticed a scorpion
  2780 | D:4      | Killed a scorpion
  2781 | D:4      | Reached XP level 5. HP: 45/47 MP: 4/4
  2783 | D:4      | Reached skill level 5 in Axes
  2846 | D:4      | Reached * piety under the Shining One
  3328 | D:4      | Reached skill level 5 in Fighting
  3328 | D:4      | Reached XP level 6. HP: 46/56 MP: 5/5
  3333 | D:4      | Identified 2 scrolls of acquirement
  3333 | D:4      | Acquired the +0 hat of Submission {*Slow rN+ Str+8 Dex+6}
  3340 | D:4      | Acquired the amulet of Otrycw {Spirit Str+4 Int+3 Dex-5}
  3412 | D:4      | Found a blossoming altar of Fedhas.
  3493 | D:5      | Entered Level 5 of the Dungeon
  3499 | D:5      | Reached skill level 1 in Dodging
  3610 | D:5      | Found a shimmering blue altar of Sif Muna.
  3636 | D:5      | Reached skill level 5 in Armour
  3639 | D:5      | Reached XP level 7. HP: 47/62 MP: 6/6
  3792 | D:5      | Reached skill level 5 in Shields
  3925 | D:5      | Identified the ring "Ruih" {rF+ Str+6 SInv}
  3965 | D:5      | Found a staircase to the Ecumenical Temple.
  3974 | Temple   | Entered the Ecumenical Temple
  4023 | D:5      | Noticed Duvessa
  4023 | D:5      | Noticed Dowan
  4030 | D:5      | Killed Duvessa
  4032 | D:5      | Killed Dowan
  4033 | D:5      | Reached XP level 8. HP: 62/71 MP: 5/7
  4041 | D:5      | Noticed a gargoyle
  4053 | D:5      | Killed a gargoyle
  4510 | D:5      | Found a shadowy altar of Dithmenos.
  4614 | D:5      | Noticed Sigmund
  4624 | D:5      | Killed Sigmund
  4948 | D:6      | Found a shimmering altar of Xom.
  4952 | D:6      | Found a shimmering altar of Xom.
  4996 | D:6      | Reached ** piety under the Shining One
  5005 | D:6      | Reached XP level 9. HP: 25/79 MP: 3/8
  5351 | D:6      | Noticed Eustachio
  5360 | D:6      | Killed Eustachio
  5402 | D:6      | Found a snail-covered altar of Cheibriados.
  5528 | D:6      | Found Zoschist's Tremendous Tomes.
  5916 | D:7      | Found a runed translucent gate.
  6037 | D:7      | Found a runed translucent gate.
  6038 | D:7      | Found a runed translucent gate.
  6039 | D:7      | Noticed Renzlar's ghost (novice GnFi)
  6039 | D:7      | Noticed Smoke131's ghost (novice TrGl)
  6039 | D:7      | Noticed nshep25's ghost (novice DECj)
  6392 | D:8      | Noticed Maurice
  6419 | D:8      | Killed Maurice
  6420 | D:8      | Reached skill level 10 in Axes
  6648 | D:8      | Reached *** piety under the Shining One
  6653 | D:8      | Noticed a centaur warrior
  6663 | D:8      | Killed a centaur warrior
  6664 | D:8      | Reached skill level 5 in Dodging
  6664 | D:8      | Reached XP level 10. HP: 31/90 MP: 3/9
  6668 | D:8      | Found a radiant altar of Vehumet.
  7159 | D:8      | Found Irius's Distillery.
  7168 | D:8      | Bought a potion of heal wounds for 70 gold pieces
  7168 | D:8      | Bought 2 potions of curing for 84 gold pieces
  7168 | D:8      | Bought a potion of curing for 42 gold pieces
  7242 | D:8      | Found a glowing silver altar of Zin.
  7595 | D:9      | Noticed a two-headed ogre
  7611 | D:9      | Killed a two-headed ogre
  8600 | D:9      | Identified the +3 chain mail "Doimunes" {rPois rF- rC+++
                  | Slay+2}
  8621 | D:9      | Reached skill level 10 in Armour
  9177 | D:10     | Entered Level 10 of the Dungeon
  9205 | D:10     | Reached **** piety under the Shining One
  9214 | D:10     | Noticed a rust devil
  9223 | D:10     | Reached XP level 11. HP: 77/99 MP: 7/10
  9333 | D:10     | Found a staircase to the Lair.
  9426 | D:10     | Noticed Fannar
  9443 | D:10     | Killed Fannar
  9850 | D:10     | Found a stormy altar of Qazlal.
 10008 | D:10     | Found a staircase to the Orcish Mines.
 10355 | Orc:1    | Entered Level 1 of the Orcish Mines
 10372 | Orc:1    | Reached skill level 10 in Fighting
 10482 | Orc:2    | Entered Level 2 of the Orcish Mines
 10482 | Orc:2    | Noticed an orc sorcerer
 10493 | Orc:1    | Killed an orc sorcerer
 10943 | Lair:1   | Entered Level 1 of the Lair of Beasts
 11356 | Lair:1   | Reached ***** piety under the Shining One
 11780 | Lair:1   | Noticed a seven-headed hydra
 11789 | Lair:1   | Killed a 13-headed hydra
 11790 | Lair:1   | Reached XP level 12. HP: 84/110 MP: 8/11
 12596 | Lair:2   | Reached skill level 10 in Shields
 13243 | Lair:3   | Noticed Kirke
 13257 | Lair:3   | Killed Kirke
 13355 | Lair:3   | You fall into a shaft and drop 2 floors!
 13355 | Lair:5   | Entered Level 5 of the Lair of Beasts
 13388 | Lair:5   | Found a viscous altar of Jiyva.
 13392 | Lair:5   | Found a staircase to the Slime Pits.
 13537 | Lair:5   | Noticed an eight-headed hydra
 13547 | Lair:5   | Killed a 15-headed hydra
 13708 | Lair:5   | Reached XP level 13. HP: 83/119 MP: 8/12
 13813 | Lair:4   | Reached skill level 15 in Axes
 16084 | Lair:5   | Found a glowing silver altar of Zin.
 16291 | Lair:5   | Found a snail-covered altar of Cheibriados.
 16672 | Lair:5   | Reached ****** piety under the Shining One
 17284 | Lair:5   | Found a corrupted altar of Lugonu.
 17871 | Lair:3   | Noticed Gastronok
 17883 | Lair:3   | Killed Gastronok
 17884 | Lair:3   | Reached skill level 10 in Dodging
 17884 | Lair:3   | Reached XP level 14. HP: 127/132 MP: 11/13
 18156 | Lair:3   | Found a staircase to the Swamp.
 18531 | Lair:3   | Found a hole to the Spider Nest.
 18551 | Spider:1 | Entered Level 1 of the Spider Nest
 18774 | Spider:1 | Noticed an emperor scorpion
 18774 | Spider:1 | Noticed an emperor scorpion
 18787 | Spider:1 | Noticed RapScallion's ghost (journeyman HuFi)
 18808 | Spider:1 | Found a transporter.
 18835 | Spider:1 | Found a transporter.
 19707 | Spider:1 | Noticed a ghost moth
 19717 | Spider:1 | Killed a ghost moth
 19901 | Spider:1 | Reached skill level 15 in Fighting
 19966 | Spider:1 | Reached skill level 15 in Armour
 21740 | D:12     | Found Lefofugh's Weapon Shop.
 21743 | D:12     | Bought the +4 war axe "Zuptet" {speed, rElec Str+8} for 858
                  | gold pieces
 21751 | D:12     | Noticed Psyche
 21756 | D:12     | Noticed Rupert
 22072 | D:12     | Killed Psyche
 22076 | D:12     | Paralysed by Rupert for 5 turns
 22088 | D:12     | The Shining One protects you from harm!
 22089 | D:12     | HP: 4/136 [Rupert/+4 great sword of protection (7)]
 22090 | D:12     | The Shining One protects you from harm!
 22092 | D:12     | Killed Rupert
 23124 | D:13     | Reached XP level 15. HP: 121/143 MP: 11/14
 24061 | D:13     | Noticed a sphinx
 24062 | D:13     | Noticed a frost giant
 24068 | D:13     | Killed a sphinx
 24070 | D:13     | HP: 5/144 [frost giant/bolt of cold (28)]
 24070 | D:13     | Killed from afar by a frost giant

Illustrated notes

Levels and vault maps discovered:
D:1:      eino_arrival_cavern_d, layout_loops_corners
D:2:      layout_basic, kennysheep_generic_room_4
D:3:      layout_loops_corners, tso_metal_star, gammafunk_ghost_abyssal_escape,
          uniq_ijyb
D:4:      layout_basic, marbit_many_paths, item_on_display_a
D:5:      layout_basic, nicolae_dithmenos_through_a_glass_darkly,
          old_standard_altar, minmay_temple_entry_mini_moons, uniq_duvessa,
          uniq_sigmund
D:6:      layout_cave_pods, mainiacjoe_overflow_alcove_1, xom_redecorated,
          nicolae_shop_i_like_big_books, nicolae_eternal_life, uniq_eustachio
D:7:      layout_rooms, gammafunk_ghost_cemetery
D:8:      layout_rooms, zin_treasury, nicolae_vehumet_radiance, serial_shops,
          nicolae_shop_hallway_stairs, uniq_maurice
D:9:      kennysheep_spiral_hall, layout_irregular_city, grunt_decor_clamped
D:10:     layout_rooms, grunt_qazlal_sundering, lair_entry_dummy,
          minmay_orc_entry_temple_small, enter_bailey_8, uniq_fannar
D:11:     layout_irregular_city, dpeg_stationary_puzzle
D:12:     layout_cave_pools, gauntlet_entry_generic, serial_shops,
          kennysheep_mini, uniq_psyche, uniq_rupert
D:13:     layout_rooms, hangedman_vaults_entry_quadrant_bands, special_room
          [special_room_bee], minmay_radiant
Temple:   nicolae_temple_bog_church
Lair:1:   layout_layer_cave, grunt_megastairs_5
Lair:2:   layout_loops_ring
Lair:3:   layout_gridlike, minmay_swamp_entry_worms, spider_nest_entry_rubble,
          uniq_gastronok, uniq_kirke
Lair:4:   layout_small_grid, columned_hall_lemuel
Lair:5:   hellmonk_lair_end_abyssal_woods, layout_misc_corridors, slime_entry_1,
          basic_altar, kennysheep_snail_temple
Spider:1: layout_chambers, gammafunk_ghost_berserking_beasts
Orc:1:    layout_diamond_mine, serial_shops, nicolae_shop_trees, basic_altar,
          nicolae_orc_crystal_geode, uniq_nergalle
Orc:2:    st_orc_ogre_mass, layout_diamond_mine

Skill      XL: |  1  2  3  4  5  6  7  8  9 10 11 12 13 14 15 |
---------------+----------------------------------------------+-----
Armour         | 4 5 6 8 10 11 12 14 15 | 15.9
Fighting       | 4 5 6 7 8 9 11 12 14 15 16 | 16.2
Shields        | 4 5 6 7 8 9 10 11 12 13 | 13.1
Axes           | 3 4 5 6 7 9 10 11 13 14 16 | 16.8
Dodging        | 1 2 4 5 6 7 8 10 11 | 11.1

Action                   |  1- 3 |  4- 6 |  7- 9 | 10-12 | 13-15 || total
-------------------------+-------+-------+-------+-------+-------++-------
Melee: War axe           |    64 |    62 |   108 |   373 |   566 ||  1173
       Headbutt          |     5 |    11 |    22 |   105 |   149 ||   292
       Unarmed           |       |       |       |       |     6 ||     6
  Use: Scroll            |     2 |     8 |     3 |     6 |     9 ||    28
Armor: Plate armour      |    31 |    27 |    58 |    73 |   115 ||   304
       Scale mail        |     3 |       |       |       |       ||     3
       Chain mail        |       |       |       |   155 |   188 ||   343
Dodge: Dodged            |    23 |    26 |    59 |   255 |   429 ||   792
Block: Buckler           |    15 |    15 |    32 |   149 |   201 ||   412
